 Dungeon Crawl Stone Soup version 0.21.1-1-g345015f (webtiles) character file.

546 Kagorn the Skirmisher (level 7, -12/78 HPs)
             Began as an Ogre Monk on June 19, 2018.
             Was a Believer of Makhleb.
             Mangled by an ogre
             ... wielding a +0 giant club
              (21 damage)
             ... on level 5 of the Dungeon on June 20, 2018.
             The game lasted 00:31:01 (4380 turns).

Kagorn the Skirmisher (Ogre Monk)                   Turns: 4380, Time: 00:31:02

Health: -12/78     AC:  4    Str: 17    XL:     7   Next: 28%
Magic:  7/7        EV: 11    Int: 16    God:    Makhleb [**....]
Gold:   339        SH:  0    Dex: 12    Spells: 4/6 levels left

rFire    . . .     SeeInvis .   u - staff of wizardry (curse)
rCold    . . .     Gourm    .   (no shield)
rNeg     . . .     Faith    .   b - +0 robe
rPois    .         Spirit   .   (helmet restricted)
rElec    .         Reflect  .   k - +0 cloak
rCorr    .         Harm     .   (gloves unavailable)
MR       ++...                  (boots unavailable)
Stlth    ++........             (no amulet)
HPRegen  0.23/turn              r - ring of the Mage {Wiz MR++ Int+3}
MPRegen  0.10/turn              g - +2 ring of intelligence

@: hasted, very quick
A: large, unfitting armour, tough skin 1
a: Minor Destruction, Renounce Religion


You were on level 5 of the Dungeon.
You worshipped Makhleb.
Makhleb was pleased with you.
You were not hungry.

You visited 2 branches of the dungeon, and saw 6 of its levels.

You collected 339 gold pieces.

Inventory:

Hand Weapons
 e - a +1 dagger of speed
 j - a +2 quarterstaff of chaos
 l - a +2 mace of draining
 n - a +2 dagger of venom
Armour
 b - a +0 robe (worn)
 k - a +0 cloak (worn)
Magical Staves
 u - a cursed staff of wizardry (weapon)
Jewellery
 g - a +2 ring of intelligence (right hand)
 r - the ring of the Mage (left hand) {Wiz MR++ Int+3}
   (You found it on level 5 of the Dungeon)

   [ring of wizardry]

   It improves your spell success rate.
   It affects your intelligence (+3).
   It affects your resistance to hostile enchantments.
Scrolls
 a - a scroll of amnesia
 h - 3 scrolls of teleportation
 p - a scroll of brand weapon {unknown}
 s - a scroll of identify {unknown}
Potions
 c - 2 potions of agility {unknown}
 d - 3 potions of heal wounds {unknown}
 f - a potion of magic {unknown}
 m - a potion of ambrosia {unknown}
Books
 t - a book of Minor Magic

   Spells                             Type                      Level
   a - Magic Dart                     Conjuration                  1
   b - Blink                          Translocation                2
   c - Call Imp                       Summoning                    2
   d - Slow                           Hexes                        2
   e - Conjure Flame                  Conjuration/Fire             3
   f - Mephitic Cloud                 Conjuration/Poison/Air       3
Comestibles
 i - 2 rations


   Skills:
 * Level 7.0 Fighting
 * Level 3.6(4.1) Maces & Flails
 - Level 3.0(4.0) Staves
 + Level 3.8 Dodging
 + Level 2.7 Stealth
 + Level 0.0 Spellcasting
 + Level 0.0 Translocations


You had 4 spell levels left.
You knew the following spells:

 Your Spells              Type           Power        Failure   Level  Hunger
a - Blink                 Tloc           N/A          11%         2    ###....


Dungeon Overview and Level Annotations

Branches:
Dungeon (5/15)             Temple (1/1) D:5

Altars:
Ashenzari
Cheibriados
Dithmenos
Elyvilon
Gozag
Kikubaaqudgha
Makhleb
Nemelex Xobeh
Qazlal
Sif Muna
Uskayaw
Vehumet
Wu Jian
Xom
Yredelemnul
Zin
The Shining One


Innate Abilities, Weirdness & Mutations

You are too large for most types of armour.
You have tough skin. (AC +1)


Message History

The ogre is lightly wounded.
The ogre hits you with a giant club!!
* * * LOW HITPOINT WARNING * * *
You barely miss the ogre.
The ogre is lightly wounded.
You hit the ogre but do no damage.
The ogre is lightly wounded.
The ogre closely misses you.
You hit the ogre but do no damage.
The ogre is lightly wounded.
The ogre barely misses you.
You hit the ogre but do no damage.
The ogre is lightly wounded.
The ogre hits you with a giant club!
* * * LOW HITPOINT WARNING * * *
You feel yourself speed up.
You hit the ogre.
The ogre is moderately wounded.
The ogre hits you with a giant club!!
You die...

.......### ###.# .........###
#...# ⌠...⌠..#... #.#.#
.......#.# #.#O# ..>......# #.#.#
.......### ### #.#.# ⌠...⌠..###
##.## #.#.# .........#
##########...#####.#.#
.......#.###....@O............#.#
##.##.##....)########...#######.#
...##....##### ##.## #.#
##.####### ### #.# .#


You could see an ogre.

Vanquished Creatures
  A phantom (D:4)
  A scorpion (D:4)
  2 howler monkeys (D:4)
  An orc priest (D:3)
  Crazy Yiuf (D:2)
  A hound (D:5)
  An iguana (D:5)
  A worker ant (D:5)
  A hound skeleton (D:4)
  7 adders
  An ooze (D:2)
  2 adder skeletons (D:4)
  3 dart slugs
  3 leopard geckos (D:2)
  13 orcs
  9 giant cockroaches
  14 goblins
  5 hobgoblins
  2 jackals (D:4)
  2 quokkas (D:2)
  A ball python (D:3)
  4 bats
  6 frilled lizards
  8 kobolds
  5 rats
95 creatures vanquished.

Notes
Turn   | Place    | Note
-------+----------+-------------------------------------------
     0 | D:1      | Kagorn the Ogre Monk began the quest for the Orb.
     0 | D:1      | Reached XP level 1. HP: 24/24 MP: 1/1
    60 | D:1      | Reached XP level 2. HP: 16/32 MP: 2/2
   779 | D:1      | Reached XP level 3. HP: 27/40 MP: 3/3
  1303 | D:2      | Found a runed door.
  1340 | D:2      | Noticed Crazy Yiuf
  1345 | D:2      | Killed Crazy Yiuf
  1345 | D:2      | Reached skill level 5 in Fighting
  1345 | D:2      | Reached XP level 4. HP: 46/50 MP: 4/4
  1552 | D:2      | Reached XP level 5. HP: 43/57 MP: 5/5
  1559 | D:2      | Reached skill level 1 in Staves
  1818 | D:3      | Found a white marble altar of Elyvilon.
  1818 | D:3      | Found a snail-covered altar of Cheibriados.
  1818 | D:3      | Found a sparkling altar of Nemelex Xobeh.
  1866 | D:4      | Noticed a phantom
  2247 | D:3      | Reached skill level 6 in Fighting
  2247 | D:3      | Reached XP level 6. HP: 66/67 MP: 6/6
  2563 | D:4      | Killed a phantom
  2580 | D:4      | HP: 2/68 [howler monkey (6)]
  2881 | D:4      | Found an opulent altar of Gozag.
  3135 | D:4      | Found a glowing golden altar of the Shining One.
  3156 | D:4      | Reached XP level 7. HP: 74/76 MP: 7/7
  3196 | D:5      | Entered Level 5 of the Dungeon
  3241 | D:5      | Reached skill level 7 in Fighting
  3257 | D:5      | Found a glowing silver altar of Zin.
  3330 | D:5      | Found the ring of the Mage {Wiz MR++ Int+3}
  3363 | D:5      | Learned a level 2 spell: Blink
  3535 | D:5      | Found a staircase to the Ecumenical Temple.
  3552 | Temple   | Entered the Ecumenical Temple
  4282 | Temple   | Became a worshipper of Makhleb the Destroyer
  4282 | Temple   | Reached * piety under Makhleb
  4282 | Temple   | Reached ** piety under Makhleb
  4380 | D:5      | Mangled by an ogre

Skill      XL: |  1  2  3  4  5  6  7 |
---------------+----------------------+-----
Maces & Flails | 3 |  3.6
Dodging        | 3 |  3.8
Fighting       | 5 6 7 |  7.0
Stealth        | 2 |  2.7
Staves         | 2 3 |  3.0

Action                   |  1- 3 |  4- 6 |  7- 9 || total
-------------------------+-------+-------+-------++-------
Melee: Mace              |   126 |     5 |    18 ||   149
       Quarterstaff      |       |   152 |       ||   152
       Flail             |       |     3 |       ||     3
       Staff             |       |       |     8 ||     8
  Use: Scroll            |       |     6 |       ||     6
       Potion            |       |     2 |     1 ||     3
 Stab: Sleeping          |     2 |     7 |     1 ||    10
  Eat: Ration            |     1 |     2 |     1 ||     4
Armor: Robe              |    51 |    36 |     8 ||    95
Dodge: Dodged            |    88 |    98 |    13 ||   199
